 Dungeon Crawl Stone Soup version 0.23.2-33-g5129a83184 (webtiles) character file.

Game seed: 8353322593241631156

212731 doot the Devastator (level 18, -8/109 HPs)
             Began as a Demonspawn Venom Mage on June 26, 2019.
             Was a High Priest of Vehumet.
             Killed from afar by Nikola (14 damage)
             ... with a chain lightning
             ... on level 1 of the Vaults on June 27, 2019.
             The game lasted 03:30:25 (55126 turns).

doot the Devastator (Demonspawn Venom Mage)        Turns: 55126, Time: 03:30:25

Health: -8/109     AC: 21    Str:  8    XL:     18   Next: 25%
Magic:  3/41       EV:  8    Int: 25    God:    Vehumet [*****.]
Gold:   751        SH:  0    Dex: 16    Spells: 3/45 levels left

rFire    . . .     SeeInvis .   b - +8 demon blade "Leech" {vamp, rN+ AC-3 EV-3}
rCold    . . .     Gourm    .   (no shield)
rNeg     + + .     Faith    .   N - +4 scale mail of the Learner {Int+3 Dex+2}
rPois    +         Spirit   .   (helmet unavailable)
rElec    .         Reflect  .   M - +2 ratskin cloak {+Rats rPois rN+ Str-1 Int-1 Dex+1}
rCorr    .         Harm     .   p - +1 pair of gloves
MR       +....     Rnd*Tele +   n - +0 pair of boots
Stlth    ++........             y - amulet of regeneration
HPRegen  0.68/turn              r - ring of flight
MPRegen  0.27/turn              G - ring of magical power

@: no status effects
A: horns 3, iridescent scales 3, demonic guardian 2, frail 1, foul stench 1, low
mp 1, teleportitis 1, weak 1, rot immunity
}: 1/15 runes: gossamer
a: Renounce Religion, Evoke Ratskin, Evoke Flight


You were on level 1 of the Vaults.
You worshipped Vehumet.
Vehumet was extremely pleased with you.
You were not hungry.

You visited 8 branches of the dungeon, and saw 35 of its levels.
You also visited: Bailey.

You collected 3177 gold pieces.
You spent 2426 gold pieces at shops.

Inventory:

Hand Weapons
 b - the +8 demon blade "Leech" (weapon) {vamp, rN+ AC-3 EV-3}
   (You found it on level 1 of the Shoals)

   It inflicts no extra harm, but heals its wielder when it wounds a living foe.
   It affects your AC (-3).
   It affects your evasion (-3).
   It protects you from negative energy.
Missiles
 F - 6 throwing nets (quivered)
Armour
 n - a +0 pair of boots (worn)
 p - a +1 pair of gloves (worn)
 z - the +11 chain mail "Tunuuh" {rF+ Slay+2}
   (You acquired it on level 6 of the Lair of Beasts)

   It affects your accuracy and damage with ranged weapons and melee attacks
   (+2).
   It protects you from fire.
 M - the +2 ratskin cloak (worn) {+Rats rPois rN+ Str-1 Int-1 Dex+1}
   (You found it on level 7 of the Dungeon)

   It affects your strength (-1).
   It affects your intelligence (-1).
   It affects your dexterity (+1).
   It protects you from poison.
   It protects you from negative energy.
 N - the +4 scale mail of the Learner (worn) {Int+3 Dex+2}
   (You bought it in a shop on level 2 of the Elven Halls)

   It affects your intelligence (+3).
   It affects your dexterity (+2).
Jewellery
 q - a +5 ring of dexterity
 r - a ring of flight (left hand)
 y - an amulet of regeneration (around neck)
 B - an uncursed ring of fire
 G - a ring of magical power (right hand)
 H - an uncursed ring of see invisible
 V - the amulet of Urghe Firgh {Faith rElec MR+}
   (You acquired it on level 1 of the Elven Halls)

   [amulet of faith]

   It allows you to gain divine favour quickly.
   It insulates you from electricity.
   It affects your resistance to hostile enchantments.
 W - an uncursed ring of wizardry
Wands
 a - a wand of clouds (2)
 D - a wand of digging (8)
 I - a wand of disintegration (8)
 U - a wand of scattershot (4)
 Y - a wand of flame (25)
Scrolls
 d - 4 scrolls of vulnerability
 e - 2 scrolls of immolation
 f - 3 scrolls of identify
 h - 9 scrolls of enchant weapon
 i - 14 scrolls of remove curse
 k - 10 scrolls of enchant armour
 s - 2 scrolls of blinking
 t - 4 scrolls of fear
 J - 6 scrolls of magic mapping
 K - 5 scrolls of amnesia
 O - 3 scrolls of fog
 S - a scroll of summoning
 T - 4 scrolls of brand weapon
 Z - 9 scrolls of teleportation
Potions
 g - a potion of magic
 j - 5 potions of heal wounds
 l - 2 potions of brilliance
 m - 6 potions of lignification
 o - a potion of resistance
 w - 6 potions of might
 x - 3 potions of flight
 A - 6 potions of agility
 E - 4 potions of ambrosia
 L - 12 potions of curing
 P - a potion of berserk rage
 Q - a potion of cancellation
 R - 3 potions of haste
Miscellaneous
 u - a fan of gales
 v - 2 phantom mirrors
 C - a crystal ball of energy
 X - a fan of gales
Comestibles
 c - 5 rations


   Skills:
 + Level 5.6 Fighting
   Level 0.8 Short Blades
   Level 9.1 Polearms
 + Level 5.6 Armour
 + Level 6.4 Dodging
 + Level 5.0 Stealth
 + Level 14.4 Spellcasting
 + Level 19.4 Conjurations
 + Level 0.6 Charms
 + Level 1.1 Fire Magic
 + Level 6.2 Air Magic
 + Level 13.4 Poison Magic
 + Level 4.5 Evocations


You had 3 spell levels left.
You knew the following spells:

 Your Spells              Type           Power        Failure   Level  Hunger
a - Sting                 Conj/Pois      ####         1%          1    None
b - Poisonous Vapours     Pois/Air       ######       1%          2    None
c - Mephitic Cloud        Conj/Pois/Air  ######..     1%          3    None
d - Olgreb's Toxic Radia  Pois           ######..     1%          4    None
e - Venom Bolt            Conj/Pois      #######...   1%          5    ##.....
f - Spellforged Servitor  Conj/Summ      ######....   65%         7    ######.
g - Iskenderun's Battles  Conj/Chrm      ######..     3%          5    ##.....
h - Conjure Flame         Conj/Fire      ######..     1%          3    None
i - Orb of Destruction    Conj           #######...   1%          7    ######.
j - Bolt of Magma         Conj/Fire/Erth ######....   11%         5    ##.....

Your spell library contained the following spells:

 Spells                   Type           Power        Failure   Level  Hunger
 Lehudib's Crystal Spear  Conj/Erth      ######....   99%         8    #######
 Ignition                 Fire           ###.......   100%        8    #######
 Glaciate                 Conj/Ice       ######....   100%        9    #######
 Flame Tongue             Conj/Fire      #####        1%          1    None
 Throw Flame              Conj/Fire      ######       1%          2    None
 Stone Arrow              Conj/Erth      ######       1%          3    None
 Spider Form              Tmut/Pois      ######....   4%          3    None
 Sandblast                Erth           ###...       7%          1    None
 Inner Flame              Hex/Fire       ###.....     16%         3    None
 Animate Skeleton         Necr           N/A          24%         1    None
 Apportation              Tloc           ###...       24%         1    None
 Beastly Appendage        Tmut           ###...       24%         1    None
 Confusing Touch          Hex            ###...       24%         1    None
 Summon Small Mammal      Summ           ###.         24%         1    None
 Call Imp                 Summ           ###.....     36%         2    None
 Ensorcelled Hibernation  Hex/Ice        ###...       36%         2    None
 Passwall                 Tmut/Erth      ###.....     36%         2    None
 Sticks to Snakes         Tmut           ###.....     36%         2    None
 Call Canine Familiar     Summ           ###.....     58%         3    None
 Recall                   Summ/Tloc      N/A          58%         3    None
 Summon Guardian Golem    Hex/Summ       ###.....     58%         3    None
 Sticky Flame             Conj/Fire      ######..     1%          4    None
 Fireball                 Conj/Fire      ######....   2%          5    ##.....
 Conjure Ball Lightning   Conj/Air       ######....   5%          6    ####...
 Freezing Cloud           Conj/Ice/Air   ######....   28%         6    ####...
 Summon Lightning Spire   Summ/Air       ####....     56%         4    None
 Lee's Rapid Deconstruct  Erth           ###.......   82%         5    ##.....
 Silence                  Hex/Air        ####......   88%         5    ##.....
 Animate Dead             Necr           N/A          94%         4    None
 Ice Form                 Ice/Tmut       ###.....     94%         4    None
 Petrify                  Tmut/Erth      ###.....     94%         4    None
 Summon Ice Beast         Ice/Summ       ###.....     94%         4    None
 Blade Hands              Tmut           ###.......   100%        5    ##.....
 Borgnjor's Vile Clutch   Necr/Erth      ###.......   100%        5    ##.....
 Darkness                 Hex            ###.......   100%        6    ####...
 Death Channel            Necr           ###.......   100%        6    ####...
 Deflect Missiles         Chrm/Air       #####.....   100%        6    ####...
 Shadow Creatures         Summ           N/A          100%        6    ####...
 Simulacrum               Ice/Necr       ###.......   100%        6    ####...
 Shatter                  Erth           ###.......   100%        9    #######
 Tornado                  Air            #####.....   100%        9    #######


Dungeon Overview and Level Annotations

Branches:
Dungeon (15/15)            Temple (1/1) D:4            Lair (6/6) D:8
 Shoals (4/4) Lair:4       Spider (4/4) Lair:4        Slime (0/5) Lair:6
    Orc (2/2) D:12            Elf (2/3) Orc:2        Vaults (1/5) D:14
 Depths (0/5) D:15

Altars:
Ashenzari
Cheibriados
Dithmenos
Elyvilon
Fedhas
Gozag
Hepliaklqana
Kikubaaqudgha
Makhleb
Nemelex Xobeh
Okawaru
Qazlal
Ru
Sif Muna
Trog
Uskayaw
Vehumet
Wu Jian
Xom
Yredelemnul
Zin
The Shining One
Beogh
Jiyva

Shops:
D:4 [   D:6 (   D:10 :   D:11 [   D:13 ?   Orc:2 (*:*   Elf:2 [   Shoals:1 !
Vaults:1 ?

Portals:
Hell: Lair:6

Annotations:
D:7 2 runed translucent doors
D:8 3 runed translucent doors, Curus's ghost, novice GrGl; grocchini's ghost, novice DsTm
D:10 exclusion: orange crystal statue
D:14 2 runed translucent doors, exclusions: slime creature and 1 more exclusion
Shoals:4 Ilsuiw


Innate Abilities, Weirdness & Mutations

You have a pair of large horns on your head.
You are completely covered in iridescent scales. (AC +6)
A demonic guardian rushes to your aid.
You may emit foul miasma when damaged in melee.
You are immune to rotting.
You are frail. (-10% HP)
Your magical capacity is low. (-10% MP)
You are occasionally teleported next to monsters.
You are weak. (Str -2)


Message History

Nikola hits you with a +1 rapier of electrocution.
Unknown command.
You slash Nikola!
You feel better.
Nikola is almost dead.
Nikola gestures at you while chanting. The bolt of lightning hits you!!
* * * LOW HITPOINT WARNING * * *
Unknown command.
You slash Nikola!
You feel better.
Nikola is almost dead.
Nikola points at you and mumbles some strange words.
The zap hits you but does no damage.
Nikola mumbles some strange words.
You hear a mighty clap of thunder!
The lightning arc hits you!!
* * * LOW HITPOINT WARNING * * *
The lightning arc hits Nikola!
Nikola dies!
The lightning arc hits you!
You die...

*,,,,,,,,* *, *,,,,,,,,* *,
*,,,,,,,,* *,
#########################+******,
.........................,,,,,,,,
.........................,,,,,,,,
.........................,,,,,,,,
.........................,,,,,,,,
................@....%...,,,,,,,,
.......)))......)..#####+**,,,,,,
###'#########......#,,,,,,*,,,,,,
#....#.#....#......#,,,,,,*,,,,,,
#....'.#....#......#,,,,,,*,,,,,,
#....#.#....#......#,,,,,,*,,,,,,
#....#.'....#......#,,,,,,*,,,,,,
#....#.#....#......#,,,,,,*,,,,,,
######.######......#,,,,,,*,,,,,,


There were no monsters in sight!

Vanquished Creatures
  A deep elf blademaster (Elf:2)
  A titan (Shoals:2)
  Donald (Shoals:1)
  The ghost of Urulamip the Severer, an adept FoWn of the Shining One (Shoals:1)
  A fire giant (D:15)
  2 frost giants (Shoals:2)
  3 ghost moths
  A vault warden (Vaults:1)
  4 emperor scorpions
  3 orc warlords
  2 entropy weavers
  A deep elf demonologist (Elf:2)
  4 spark wasps
  An ice dragon (Vaults:1)
  4 vault guards (D:14)
  6 hydras
  A catoblepas (Lair:4)
  5 centaur warriors
  5 two-headed ogres
  A merfolk avatar (Shoals:1)
  An ogre mage (D:14)
  A merfolk aquamancer (Shoals:2)
  A satyr (Shoals:3)
  6 death yaks (Lair:3)
  A tengu warrior (D:15)
  9 dancing weapons
  13 deep elf knights
  6 orc high priests
  A sun demon (Lair:6)
  4 skeletal warriors
  An unseen horror (D:13)
  4 sea snakes
  A wizard (Lair:6)
  11 deep elf archers
  16 orb spiders
  3 harpies (Shoals:2)
  33 deep elf magi
  10 cyclopes
  6 manticores
  3 orc sorcerers
  21 wolf spiders
  5 fauns
  11 ugly things
  12 orc knights
  An oklob plant (Lair:3)
  13 elephants
  4 moths of wrath
  2 centaur zombies
  3 merfolk sirens
  A guardian serpent (shapeshifter) (Elf:1)
  A vault sentinel (Vaults:1)
  3 black mambas (Lair:6)
  2 water nymphs
  Joseph (D:8)
  2 torpor snails
  A smoke demon (Lair:6)
  5 rime drakes
  8 komodo dragons
  3 orange demons (Lair:6)
  10 spiny frogs
  7 yaktaurs
  A freezing wraith (Vaults:1)
  2 kobold demonologists
  A gargoyle (D:14)
  6 demonic crawlers
  31 jumping spiders
  7 trolls
  6 meliai
  11 tyrant leeches (Spider:2)
  3 red devils (Lair:6)
  6 merfolk
  A polar bear (Lair:1)
  12 blink frogs
  2 wind drakes (Shoals:2)
  9 hornets
  5 dream sheep
  3 slime creatures (D:14)
  9 hippogriffs
  3 snapping turtles
  A shadow (D:14)
  67 redbacks
  30 yaks
  A vampire (D:15)
  33 tarantellas
  7 wyverns
  A water elemental (Elf:1)
  A yak (shapeshifter) (Vaults:1)
  2 fire elementals
  2 basilisks
  2 hungry ghosts
  3 vampire mosquitoes (D:14)
  6 swamp worms (Spider:2)
  4 wargs
  4 hell hounds (Lair:6)
  13 water moccasins
  Duvessa (D:5)
  2 sky beasts
  7 porcupines
  An ice beast (D:10)
  35 orc warriors
  A black bear (D:9)
  17 ogres
  A hornet zombie (D:10)
  3 phantoms
  17 wolves
  10 centaurs
  12 crocodiles
  A big kobold (shapeshifter) (D:15)
  Blork the orc (D:5)
  A gnoll sergeant (D:9)
  6 big kobolds
  A wyvern zombie (D:11)
  13 bullfrogs
  Dowan (D:5)
  5 earth elementals
  2 wyvern skeletons
  6 scorpions
  2 water moccasin zombies
  18 killer bees
  9 wights
  3 howler monkeys
  8 electric eels
  5 crimson imps
  4 bullfrog zombies
  14 hounds
  32 orc priests
  3 jellies
  5 centaur skeletons
  5 bullfrog skeletons
  4 iguanas
  4 worker ants
  23 orc wizards
  A bullfrog simulacrum (D:8)
  A hound zombie (D:10)
  2 hound skeletons
  A killer bee simulacrum (D:8)
  A worker ant zombie (D:11)
  13 adders
  7 gnolls
  6 shadow imps
  A worker ant simulacrum (D:8)
  An ufetubus (D:8)
  An ooze (D:7)
  3 worms
  10 dart slugs
  An adder simulacrum (D:8)
  5 leopard geckos
  124 orcs
  7 bats
  4 giant cockroaches
  8 hobgoblins
  9 jackals
  11 kobolds
  6 quokkas
  2 ball pythons
  5 frilled lizards
  15 goblins
  A jackal skeleton (D:6)
  A leopard gecko simulacrum (D:8)
  A quokka zombie (D:9)
  11 rats
  A fungus (Lair:6)
  2 plants
1135 creatures vanquished.

Vanquished Creatures (collateral kills)
  A two-headed ogre (D:14)
  A deep elf mage (Elf:1)
  2 wolf spiders
  A cyclops (Shoals:2)
  A manticore (D:11)
  A centaur zombie (D:13)
  A water nymph (Shoals:3)
  2 centaur skeletons (D:15)
  A gargoyle (D:14)
  6 demonic crawlers (Spider:4)
  A troll (Orc:1)
  A kobold demonologist (D:13)
  A hornet (Spider:4)
  Sigmund (D:5)
  A redback (Spider:2)
  A yak (Lair:6)
  6 water elementals (Shoals:2)
  A hungry ghost (D:7)
  A water moccasin (Lair:5)
  3 orc warriors
  An ice beast (D:9)
  A black bear (D:13)
  An ogre (D:7)
  2 bullfrogs
  4 wights (D:13)
  2 crimson imps
  2 jellies
  2 orc priests
  An orc wizard (Orc:2)
  A bullfrog skeleton (D:9)
  A worker ant zombie (D:7)
  A leopard gecko (D:6)
  3 orcs
  A quokka (D:7)
57 creatures vanquished.

Vanquished Creatures (others)
  Nikola (Vaults:1)
  An ogre (D:9)
  6 fungi
  4 plants
12 creatures vanquished.

Grand Total: 1204 creatures vanquished

Notes
Turn   | Place    | Note
-------+----------+-------------------------------------------
     0 | D:1      | doot the Demonspawn Venom Mage began the quest for the Orb.
     0 | D:1      | Reached XP level 1. HP: 13/13 MP: 3/3
   241 | D:1      | Gained mutation: A weak demonic guardian rushes to your
                  | aid. [demonic ancestry]
   241 | D:1      | Reached XP level 2. HP: 19/19 MP: 3/5
   355 | D:1      | Learned a level 2 spell: Poisonous Vapours
   760 | D:1      | Gained mutation: You have a pair of small horns on your
                  | head. [demonic ancestry]
   760 | D:1      | Reached XP level 3. HP: 24/24 MP: 0/6
  1144 | D:1      | Learned a level 3 spell: Mephitic Cloud
  1308 | D:2      | Noticed an ogre
  1536 | D:2      | Found a hazy altar of Hepliaklqana.
  1536 | D:2      | Found an ornate altar of the Wu Jian Council.
  1536 | D:2      | Found a snail-covered altar of Cheibriados.
  1940 | D:2      | Gained mutation: You are partially covered in iridescent
                  | scales. (AC +2) [demonic ancestry]
  1940 | D:2      | Reached XP level 4. HP: 30/30 MP: 4/8
  2481 | D:3      | Found a sparkling altar of Nemelex Xobeh.
  2493 | D:3      | Noticed an ogre
  2508 | D:3      | Killed an ogre
  2508 | D:3      | Reached skill level 1 in Air Magic
  2508 | D:3      | Gained mutation: You are mostly covered in iridescent
                  | scales. (AC +4) [demonic ancestry]
  2508 | D:3      | Reached XP level 5. HP: 35/35 MP: 1/10
  2731 | D:3      | Learned a level 4 spell: Olgreb's Toxic Radiance
  3387 | D:3      | Reached XP level 6. HP: 41/41 MP: 0/11
  4499 | D:4      | Found a staircase to the Ecumenical Temple.
  4512 | Temple   | Entered the Ecumenical Temple
  4603 | Temple   | Became a worshipper of Vehumet
  4686 | D:4      | Found Liocs's Antique Armour Shoppe.
  4692 | D:4      | Bought a distressingly furry robe for 148 gold pieces
  4703 | D:4      | Identified the cursed +0 robe of Ifacwac {Str+4 Slay+2}
                  | (You bought it in a shop on level 4 of the Dungeon)
  4845 | D:4      | Gained mutation: You have a pair of horns on your head.
                  | [demonic ancestry]
  4845 | D:4      | Reached XP level 7. HP: 43/46 MP: 7/13
  5170 | D:5      | Entered Level 5 of the Dungeon
  5179 | D:5      | Noticed Duvessa
  5467 | D:5      | Reached skill level 5 in Poison Magic
  5546 | D:5      | Learned a level 5 spell: Venom Bolt
  5569 | D:5      | Noticed Blork the orc
  5608 | D:5      | Killed Blork the orc
  5608 | D:5      | Reached skill level 5 in Spellcasting
  5928 | D:5      | Reached skill level 2 in Conjurations
  6037 | D:5      | Noticed Dowan
  6045 | D:5      | Killed Duvessa
  6045 | D:5      | Gained mutation: You are completely covered in iridescent
                  | scales. (AC +6) [demonic ancestry]
  6045 | D:5      | Reached XP level 8. HP: 53/53 MP: 10/16
  6050 | D:5      | Killed Dowan
  6050 | D:5      | Reached * piety under Vehumet
  6050 | D:5      | Offered knowledge of Magic Dart by Vehumet.
  6863 | D:5      | Noticed Sigmund
  6871 | D:5      | Killed Sigmund
  7181 | D:6      | Found Goynogoh's Weapon Shoppe.
  7604 | D:6      | Reached skill level 1 in Fighting
  8006 | D:7      | Reached skill level 1 in Polearms
  8203 | D:7      | Found the +2 ratskin cloak {+Rats rPois rN+ Str-1 Int-1
                  | Dex+1}
  8436 | D:7      | Gained mutation: You are immune to rotting. [demonic
                  | ancestry]
  8436 | D:7      | Reached XP level 9. HP: 61/61 MP: 15/18
  8563 | D:7      | Found a large runed translucent door.
  8563 | D:7      | Found a large runed translucent door.
  8565 | D:7      | Noticed a komodo dragon
  8565 | D:7      | Noticed a two-headed ogre
  8572 | D:7      | Found a large runed translucent door.
  8572 | D:7      | Found a large runed translucent door.
  8606 | D:7      | Noticed a brown ugly thing
  8853 | D:7      | Noticed a skeletal warrior
  9301 | D:8      | Reached skill level 1 in Evocations
  9304 | D:8      | Offered knowledge of Shock by Vehumet.
  9305 | D:8      | Reached ** piety under Vehumet
  9415 | D:7      | Killed a purple ugly thing
  9609 | D:8      | Found a flagged portal.
  9619 | Bailey   | Entered a bailey
  9692 | Bailey   | Offered knowledge of Throw Flame by Vehumet.
  9757 | Bailey   | Noticed an orc knight
  9757 | Bailey   | Noticed an orc knight
  9782 | Bailey   | Killed an orc knight
  9782 | Bailey   | Reached *** piety under Vehumet
  9788 | Bailey   | Killed an orc knight
  9788 | Bailey   | Gained mutation: You may emit foul miasma when damaged in
                  | melee. [demonic ancestry]
  9788 | Bailey   | Reached XP level 10. HP: 68/68 MP: 13/21
  9915 | Bailey   | Noticed an orc knight
  9936 | Bailey   | Killed an orc knight
 10117 | D:8      | Reached skill level 3 in Conjurations
 10337 | D:8      | Offered knowledge of Iskenderun's Mystic Blast by Vehumet.
 10350 | D:8      | Noticed Joseph
 10357 | D:8      | Learned a level 4 spell: Iskenderun's Mystic Blast
 10382 | D:8      | Killed Joseph
 10607 | D:8      | Found a staircase to the Lair.
 10903 | D:8      | Reached skill level 4 in Conjurations
 11021 | D:8      | Found a runed translucent gate.
 11021 | D:8      | Found a runed translucent gate.
 11021 | D:8      | Found a runed translucent gate.
 11022 | D:8      | Noticed grocchini's ghost (novice DsTm)
 11023 | D:8      | Noticed Curus's ghost (novice GrGl)
 11376 | D:9      | Reached **** piety under Vehumet
 11650 | D:9      | Offered knowledge of Iskenderun's Battlesphere by Vehumet.
 11657 | D:9      | Learned a level 5 spell: Iskenderun's Battlesphere
 11949 | D:9      | Found a shattered altar of Ashenzari.
 12308 | D:9      | Reached skill level 5 in Polearms
 12587 | D:9      | Got a pitted plate armour
 12598 | D:9      | Identified the cursed +0 plate armour of Inviolability
                  | {Str+2 Int-3 Dex+3 Stlth+} (You found it on level 9 of the
                  | Dungeon)
 12718 | D:10     | Entered Level 10 of the Dungeon
 12729 | D:10     | Reached XP level 11. HP: 74/75 MP: 14/23
 12908 | D:10     | Noticed an orange crystal statue
 13048 | D:10     | Reached skill level 5 in Conjurations
 13523 | D:10     | Found a blossoming altar of Fedhas.
 13718 | D:10     | Found Volixice's Book Shop.
 14339 | D:11     | Noticed a six-headed hydra
 14671 | D:11     | Noticed a two-headed ogre
 14695 | D:11     | Killed a two-headed ogre
 15183 | D:11     | Learned a level 3 spell: Conjure Flame
 15376 | D:11     | Found a snail-covered altar of Cheibriados.
 15376 | D:11     | Found Cheibriados's Comfort Zone.
 15535 | D:11     | Killed a six-headed hydra
 15640 | D:12     | You fall through a shaft for 3 floors!
 15640 | D:15     | Entered Level 15 of the Dungeon
 15643 | D:15     | Noticed a deep elf mage
 15653 | D:15     | Noticed a brown ugly thing
 15653 | D:15     | Noticed a brown ugly thing
 15653 | D:15     | Noticed a brown ugly thing
 15653 | D:15     | Noticed a brown ugly thing
 15653 | D:15     | Noticed a two-headed ogre
 15665 | D:15     | Noticed a centaur warrior
 15672 | D:15     | Found a staircase to the Depths.
 15672 | D:15     | Noticed a fire giant
 16121 | D:13     | Reached skill level 6 in Conjurations
 16121 | D:13     | Reached skill level 5 in Air Magic
 16129 | D:13     | Noticed a soul eater
 16453 | D:13     | Noticed a four-headed hydra
 16462 | D:13     | Noticed a centaur warrior
 16484 | D:13     | Killed a four-headed hydra
 16491 | D:13     | Killed a centaur warrior
 16491 | D:13     | Reached skill level 5 in Dodging
 16491 | D:13     | Reached XP level 12. HP: 32/83 MP: 4/25
 16742 | D:13     | Reached skill level 7 in Conjurations
 16842 | D:13     | Reached ***** piety under Vehumet
 16904 | D:13     | Noticed a centaur warrior
 16916 | D:13     | Killed a centaur warrior
 17015 | D:13     | Found Afahuw's Magic Scroll Shoppe.
 17020 | D:13     | Bought a scroll of enchant armour for 90 gold pieces
 17020 | D:13     | Bought a scroll of teleportation for 36 gold pieces
 17020 | D:13     | Bought a scroll of identify for 24 gold pieces
 17020 | D:13     | Bought a scroll of fog for 24 gold pieces
 17020 | D:13     | Bought a scroll of enchant weapon for 90 gold pieces
 17020 | D:13     | Bought a scroll of identify for 24 gold pieces
 17020 | D:13     | Bought a scroll of magic mapping for 42 gold pieces
 17020 | D:13     | Bought a scroll of identify for 24 gold pieces
 17020 | D:13     | Bought a scroll of teleportation for 36 gold pieces
 17051 | D:13     | Offered knowledge of Spellforged Servitor by Vehumet.
 17127 | D:13     | Reached skill level 1 in Armour
 17327 | D:12     | Found a staircase to the Orcish Mines.
 18014 | D:12     | Found a blossoming altar of Fedhas.
 18377 | Orc:1    | Entered Level 1 of the Orcish Mines
 18394 | Orc:1    | Learned a level 7 spell: Spellforged Servitor
 18440 | Orc:1    | Noticed an orc high priest
 18464 | Orc:1    | Killed an orc high priest
 18767 | Orc:1    | Noticed an orc warlord
 18947 | Orc:1    | Killed an orc warlord
 18947 | Orc:1    | Reached skill level 10 in Spellcasting
 18947 | Orc:1    | Reached skill level 10 in Poison Magic
 19347 | Orc:2    | Entered Level 2 of the Orcish Mines
 19349 | Orc:2    | Reached skill level 8 in Conjurations
 19475 | Orc:2    | Found a roughly hewn altar of Beogh.
 19569 | Orc:2    | Noticed an orc warlord
 19894 | Orc:1    | Killed an orc warlord
 20265 | Orc:2    | Found a staircase to the Elven Halls.
 20349 | Orc:2    | Offered knowledge of Bolt of Magma by Vehumet.
 20402 | Orc:2    | Noticed an orc high priest
 20729 | Orc:2    | Reached XP level 13. HP: 88/88 MP: 20/27
 21298 | Orc:2    | Noticed an orc warlord
 21325 | Orc:2    | Reached skill level 9 in Conjurations
 21333 | Orc:2    | Killed an orc warlord
 22276 | Orc:2    | Found Bamaf's Assorted Antiques.
 22276 | Orc:2    | Found Vemiw's Book Shop.
 22277 | Orc:2    | Found Porr's General Store.
 22277 | Orc:2    | Found Adauvy's Weapon Shop.
 22289 | Orc:2    | Bought a potion of magic for 136 gold pieces
 22290 | Orc:2    | Bought a scroll of teleportation for 69 gold pieces
 22662 | Lair:1   | Entered Level 1 of the Lair of Beasts
 23853 | Lair:1   | Offered knowledge of Freezing Cloud by Vehumet.
 25085 | Lair:3   | Reached skill level 10 in Conjurations
 25099 | Lair:3   | Reached XP level 14. HP: 93/96 MP: 29/29
 26459 | Lair:4   | Found a hole to the Spider Nest.
 27358 | Lair:4   | Found a staircase to the Shoals.
 27482 | Spider:1 | Entered Level 1 of the Spider Nest
 27489 | Spider:1 | Offered knowledge of Lee's Rapid Deconstruction by Vehumet.
 27500 | Spider:1 | Reached skill level 11 in Conjurations
 28596 | Lair:6   | Entered Level 6 of the Lair of Beasts
 28926 | Lair:6   | Identified 2 scrolls of acquirement
 28965 | Lair:6   | Got a smoking chain mail
 28982 | Lair:6   | Identified the +11 chain mail "Tunuuh" {rF+ Slay+2} (You
                  | acquired it on level 6 of the Lair of Beasts)
 30394 | Lair:6   | Found a viscous altar of Jiyva.
 30395 | Lair:6   | Found a staircase to the Slime Pits.
 30690 | Lair:6   | Paralysed by a wizard for 2 turns
 30695 | Lair:6   | Reached skill level 5 in Fighting
 30763 | Lair:6   | Found a burning altar of Makhleb.
 30799 | Lair:6   | Reached XP level 15. HP: 68/103 MP: 7/32
 31026 | Lair:6   | Found a gateway to Hell.
 32036 | D:14     | Found a large runed translucent door.
 32036 | D:14     | Found a large runed translucent door.
 32084 | D:14     | Offered knowledge of Orb of Destruction by Vehumet.
 32099 | D:14     | Learned a level 7 spell: Orb of Destruction
 32198 | D:14     | Reached skill level 12 in Conjurations
 32775 | D:14     | Found a gate to the Vaults.
 35188 | Spider:2 | Reached skill level 13 in Conjurations
 35658 | Spider:2 | Offered knowledge of Ozocubu's Refrigeration by Vehumet.
 35761 | Spider:2 | Killed a ghost moth
 36704 | Spider:3 | Reached skill level 14 in Conjurations
 36793 | Spider:3 | Reached XP level 16. HP: 107/109 MP: 33/33
 37444 | Spider:3 | Reached skill level 15 in Conjurations
 37603 | Spider:4 | Entered Level 4 of the Spider Nest
 38176 | Spider:4 | Found the +1 cloak of Starlight {rElec rC+ EV+4 Stlth--}
 38417 | Spider:4 | Reached ****** piety under Vehumet
 38418 | Spider:4 | Offered knowledge of Bolt of Fire by Vehumet.
 39228 | D:15     | Reached skill level 16 in Conjurations
 40567 | Shoals:1 | Entered Level 1 of the Shoals
 40720 | Shoals:1 | Found a runed translucent gate.
 40720 | Shoals:1 | Found a runed translucent gate.
 40720 | Shoals:1 | Found a runed translucent gate.
 40720 | Shoals:1 | Noticed Urulamip's ghost (adept FoWn)
 40722 | Shoals:1 | Found the +8 demon blade "Leech" {vamp, rN+ AC-3 EV-3}
 40859 | Shoals:1 | Found Yfolo's Distillery.
 40861 | Shoals:1 | Noticed Donald
 40865 | Shoals:1 | Killed Donald
 41393 | Shoals:2 | Noticed a titan
 41402 | Shoals:2 | Reached skill level 17 in Conjurations
 41408 | Shoals:2 | Killed a titan
 41662 | Elf:1    | Entered Level 1 of the Elven Halls
 41978 | Elf:1    | Offered knowledge of Lehudib's Crystal Spear by Vehumet.
 41978 | Elf:1    | Offered knowledge of Glaciate by Vehumet.
 41978 | Elf:1    | Offered knowledge of Ignition by Vehumet.
 42109 | Elf:1    | Gained mutation: You have a pair of large horns on your
                  | head. [demonic ancestry]
 42109 | Elf:1    | Reached XP level 17. HP: 111/115 MP: 34/34
 42855 | Elf:1    | Reached skill level 18 in Conjurations
 45093 | Spider:4 | Got a gossamer rune of Zot
 45899 | Spider:3 | Gained mutation: You are weak. (Str -2) [mutagenic glow]
 45959 | Spider:2 | Gained mutation: You are frail. (-10% HP) [mutagenic glow]
 45983 | Lair:4   | Gained mutation: Your magical capacity is low. (-10% MP)
                  | [mutagenic glow]
 46058 | Shoals:1 | Gained mutation: You are occasionally teleported next to
                  | monsters. [mutagenic glow]
 46199 | Shoals:1 | Bought a potion of cancellation for 136 gold pieces
 47489 | Elf:1    | Got a shimmering pewter amulet
 47490 | Elf:1    | Identified the amulet of Urghe Firgh {Faith rElec MR+} (You
                  | acquired it on level 1 of the Elven Halls)
 47707 | Elf:1    | You fall through a shaft!
 48556 | Elf:2    | Found Ytae's Antique Armour Shoppe.
 48631 | Elf:2    | Bought a faintly glowing scale mail for 279 gold pieces
 48643 | Elf:2    | Identified the +4 scale mail of the Learner {Int+3 Dex+2}
                  | (You bought it in a shop on level 2 of the Elven Halls)
 48990 | Elf:2    | Reached skill level 19 in Conjurations
 49640 | Shoals:1 | Killed Urulamip's ghost
 50223 | Elf:2    | Bought an aquamarine-encrusted ring mail for 279 gold
                  | pieces
 50235 | Elf:2    | Identified the +1 ring mail of the Comet {MP+9} (You bought
                  | it in a shop on level 2 of the Elven Halls)
 50374 | Orc:2    | Bought the Almanac of Congealing Earth for 935 gold pieces
 50380 | Orc:2    | Learned a level 5 spell: Bolt of Magma
 50732 | Elf:2    | Noticed a deep elf blademaster
 50743 | Elf:2    | Killed a deep elf blademaster
 50743 | Elf:2    | Reached skill level 5 in Armour
 51403 | Shoals:2 | Reached skill level 5 in Stealth
 51437 | Shoals:2 | HP: 4/103 [faun/stone (17)]
 53167 | Shoals:3 | Gained mutation: A demonic guardian rushes to your aid.
                  | [demonic ancestry]
 53167 | Shoals:3 | Reached XP level 18. HP: 72/108 MP: 23/32
 53768 | Shoals:3 | Got an ancient turquoise ring
 53796 | Shoals:3 | Identified the cursed ring "Hoshucoo" {Str+2 Dex-4} (You
                  | found it on level 3 of the Shoals)
 53967 | Shoals:4 | Entered Level 4 of the Shoals
 54113 | Shoals:4 | Noticed Ilsuiw
 54382 | Vaults:1 | Entered Level 1 of the Vaults
 54429 | Vaults:1 | Found Koqiem's Magic Scroll Emporium.
 54434 | Vaults:1 | Bought a scroll of teleportation for 54 gold pieces
 55098 | Vaults:1 | Reached skill level 1 in Fire Magic
 55116 | Vaults:1 | Noticed Nikola
 55126 | Vaults:1 | Killed Nikola
 55126 | Vaults:1 | Killed from afar by Nikola

Skill      XL: |  1  2  3  4  5  6  7  8  9 10 11 12 13 14 15 16 17 18 |
---------------+-------------------------------------------------------+-----
Dodging        | 2 3 4 5 6 |  6.4
Stealth        | 2 3 4 5 |  5.0
Spellcasting   | 3 4 5 6 7 8 9 10 11 13 14 | 14.4
Air Magic      | 1 2 3 4 5 6 |  6.2
Poison Magic   | 4 5 6 7 9 10 11 12 13 | 13.4
Conjurations   | 2 4 6 8 10 11 14 17 19 | 19.4
Fighting       | 1 2 3 4 5 |  5.6
Polearms       | 1 3 5 6 7 8 9 |  9.1
Evocations     | 2 3 4 |  4.5
Armour         | 1 3 4 5 |  5.6
Fire Magic     | 1 |  1.1
Short Blades   | |  0.8
Charms         | |  0.6

Action                   |  1- 3 |  4- 6 |  7- 9 | 10-12 | 13-15 | 16-18 || total
-------------------------+-------+-------+-------+-------+-------+-------++-------
Melee: Dagger            |     3 |    34 |    36 |       |       |       ||    73
       Headbutt          |     1 |     3 |    15 |    38 |    64 |    31 ||   152
       Scythe            |       |       |   110 |   351 |   402 |   142 ||  1005
       Staff             |       |       |       |       |    10 |    21 ||    31
       Demon blade       |       |       |       |       |       |    20 ||    20
Throw: Throwing net      |       |       |       |     1 |       |       ||     1
 Cast: Sting             |    50 |    30 |    13 |     7 |     6 |    13 ||   119
       Poisonous Vapours |    22 |    64 |    54 |   117 |    65 |    49 ||   371
       Mephitic Cloud    |       |     1 |     5 |    11 |     5 |     3 ||    25
       Olgreb's Toxic Ra |       |     3 |    25 |    89 |   106 |    26 ||   249
       Venom Bolt        |       |       |     3 |    51 |   346 |   267 ||   667
       Iskenderun's Myst |       |       |       |    14 |       |       ||    14
       Conjure Flame     |       |       |       |     3 |     7 |     5 ||    15
       Iskenderun's Batt |       |       |       |       |     9 |       ||     9
       Orb of Destructio |       |       |       |       |       |   104 ||   104
       Bolt of Magma     |       |       |       |       |       |    11 ||    11
 Abil: Evoke Ratskin     |       |       |    18 |    12 |     2 |    40 ||    72
       Evoke Flight      |       |       |       |       |       |     5 ||     5
Evoke: Wand              |       |       |     2 |     1 |     8 |     2 ||    13
       Fan of gales      |       |       |       |       |     1 |       ||     1
  Use: Scroll            |       |     1 |     7 |    22 |    11 |    17 ||    58
       Potion            |       |       |     1 |     3 |     3 |    11 ||    18
 Stab: Distracted        |       |       |     4 |     3 |     1 |       ||     8
       Sleeping          |       |       |     4 |     8 |     1 |       ||    13
  Eat: Chunk             |     5 |    12 |    13 |    40 |    69 |    52 ||   191
       Ration            |       |       |     4 |     6 |     9 |    24 ||    43
Armor: Robe              |     8 |     7 |    55 |    50 |       |     5 ||   125
       Skin              |       |       |       |    91 |       |    21 ||   112
       Troll leather arm |       |       |       |    79 |   104 |       ||   183
       Chain mail        |       |       |       |       |   483 |   683 ||  1166
       Ring mail         |       |       |       |       |       |    11 ||    11
       Scale mail        |       |       |       |       |       |    40 ||    40
Dodge: Dodged            |    22 |    27 |   185 |   532 |   521 |   197 ||  1484
       Rpst.: Demon blade |       |       |       |       |       |     3 ||     3
